 Dungeon Crawl Stone Soup version 0.19.0-19-g8c6edcc (webtiles) character file.

58 Jerry the Charmwright (level 3, 0/29 HPs)
             Began as a Demigod Skald on Nov 13, 2016.
             Slain by Natasha (3 damage)
             ... on level 2 of the Dungeon.
             The game lasted 00:02:20 (1697 turns).

Jerry the Charmwright (Demigod Skald)               Turns: 1697, Time: 00:02:21

Health: 0/29       AC:  5    Str: 15    XL:     3   Next: 51%
Magic:  6/8        EV: 11    Int: 18    God:
Gold:   132        SH:  0    Dex: 15    Spells: 1 memorised, 5 levels left

rFire  . . .     SeeInvis +     a - +0 falchion
rCold  . . .     Gourm    .     o - +0 ring mail
rNeg   . . .     Faith    .     (no shield)
rPois  .         Spirit   .     (no helmet)
rElec  .         Reflect  .     (no cloak)
rCorr  .         Harm     .     (no gloves)
MR     .....                    (no boots)
Stlth  +.........               (no amulet)
                                (no ring)
                                s - ring of see invisible

@: infused, slowed, very slow
A: high mp 1
a: no special abilities


You were on level 2 of the Dungeon.
You were not hungry.

You visited 1 branch of the dungeon, and saw 2 of its levels.

You collected 132 gold pieces.

Inventory:

Hand Weapons
 a - a +0 falchion (weapon)
Armour
 b - a +0 leather armour
 o - a +0 ring mail (worn)
Jewellery
 s - a ring of see invisible (left hand)
Scrolls
 f - a scroll of recharging {unknown}
 g - 4 scrolls of identify {unknown}
 k - a scroll of remove curse {unknown}
 l - 2 scrolls of teleportation {unknown}
 r - 2 scrolls of fog {unknown}
 t - a scroll of enchant weapon {unknown}
Potions
 e - a potion of degeneration {unknown}
 i - a potion of heal wounds {unknown}
 j - a potion of cure mutation {unknown}
 m - 2 potions of brilliance {unknown}
 n - a potion of resistance {unknown}
 p - a potion of invisibility {unknown}
Books
 c - a book of Battle

   Spells                             Type                      Level
   a - Infusion                       Charms                       1
   b - Shroud of Golubria             Charms/Translocation         2
   c - Song of Slaying                Charms                       2
   d - Spectral Weapon                Hexes/Charms                 3
   e - Regeneration                   Charms/Necromancy            3
Comestibles
 d - a bread ration
 h - a slice of pizza


   Skills:
 + Level 2.1 Fighting
 + Level 2.0 Long Blades
 + Level 1.1 Armour
 + Level 1.7 Dodging
 + Level 2.1 Spellcasting
 + Level 3.1 Charms


You had 5 spell levels left.
You knew the following spells:

 Your Spells              Type           Power        Failure   Level  Hunger
a - Infusion              Chrm           ##..         12%         1    #......


Dungeon Overview and Level Annotations

Branches:
Dungeon (2/15)

Annotations:
D:2 Natasha


Innate Abilities, Weirdness & Mutations

You have an increased reservoir of magic. (+10% MP)


Message History

Casting: Infusion
Confirm with . or Enter, or press ? or * to list all spells.
You begin infusing your attacks with magical energy.
The shadow imp gestures at you. Pain shoots through your body!
Natasha barely misses you. The shadow imp gestures at you.
You barely resist. You hit Natasha!
Natasha is heavily wounded.
Natasha claws you. The shadow imp misses you.
Natasha stares at you and mumbles some strange words.
The magic dart hits you! The shadow imp gestures at you.
Pain shoots through your body!
* * * LOW HITPOINT WARNING * * *
You barely miss Natasha.
Natasha is heavily wounded.
Natasha extends her claws.
Natasha claws you.
You die...

.. ###########....
......5>h.......
#@### ###.## #.#.(
....# ### #.#.#
#..# #.. #.#.#
##..####.. #.#.#
#......... #.#.#
#...#.....
#.#.#####...#.....
#.................
###.#####...####..


You could see Natasha and a shadow imp.

Vanquished Creatures
  2 gnolls (D:2)
  An ooze (D:1)
  A dart slug (D:1)
  2 leopard geckos (D:1)
  2 bats (D:1)
  A giant cockroach (D:1)
  3 goblins
  2 hobgoblins (D:1)
  4 jackals (D:2)
  A ball python (D:1)
  7 kobolds
  3 rats
29 creatures vanquished.

Notes
Turn   | Place    | Note
-------+----------+-------------------------------------------
     0 | D:1      | Jerry the Demigod Skald began the quest for the Orb.
     0 | D:1      | Reached XP level 1. HP: 17/17 MP: 5/5
    20 | D:1      | Reached skill level 1 in Dodging
   122 | D:1      | Reached skill level 1 in Armour
   351 | D:1      | Reached XP level 2. HP: 24/24 MP: 7/7
   689 | D:1      | Reached skill level 3 in Charms
  1060 | D:2      | Reached XP level 3. HP: 24/29 MP: 8/8
  1687 | D:2      | Noticed Natasha
  1697 | D:2      | Slain by Natasha

Skill      XL: |  1  2  3 |
---------------+----------+-----
Dodging        | 1 |  1.7
Armour         | 1 |  1.1
Charms         | 3 |  3.1
Fighting       | 2 |  2.1
Spellcasting   | 2 |  2.1
Long Blades    | 2 |  2.0

Action                   || total
-------------------------++-------
Melee: Falchion          ||    92
 Cast: Infusion          ||     1
 Stab: Distracted        ||     1
  Eat: Chunk             ||     3
Armor: Leather armour    ||    12
       Ring mail         ||    23
Dodge: Dodged            ||    71
       Rpst.: Falchion   ||    20
